 Dungeon Crawl Stone Soup version 0.21.1-1-g345015f (webtiles) character file.

28662 microfolk the Martial Artist (level 13, -10/139 HPs)
             Began as a Red Draconian Transmuter on May 9, 2018.
             Was a Priest of Fedhas.
             Mangled by a freezing wraith (14 damage)
             ... in an ice cave.
             The game lasted 01:03:41 (20412 turns).

microfolk the Martial Artist (DrTm)                Turns: 20412, Time: 01:03:42

Health: -10/139    AC:  6    Str: 12    XL:     13   Next: 11%
Magic:  11/19      EV: 13    Int: 18    God:    Fedhas [***...]
Gold:   751        SH:  0    Dex: 13    Spells: 0/20 levels left

rFire    x . .     SeeInvis .     - Unarmed
rCold    + + +     Gourm    .   (shield currently unavailable)
rNeg     + . .     Faith    .   (armour unavailable)
rPois    +         Spirit   .   (helmet currently unavailable)
rElec    .         Reflect  .   (cloak currently unavailable)
rCorr    .         Harm     .   (gloves currently unavailable)
MR       .....                  (boots currently unavailable)
Stlth    ++........             L - amulet of rage
HPRegen  0.33/turn              F - ring of positive energy (curse)
MPRegen  0.16/turn              R - ring of stealth

@: ice-form, slowed, very slow
A: large, (breathe fire), unfitting armour, AC +8
a: End Transformation, Fungal Bloom, Evolution, Sunlight, Growth, Renounce
Religion, Evoke Berserk Rage


You were in an ice cave.
You worshipped Fedhas.
Fedhas was most pleased with you.
You were full.
You were a creature of crystalline ice.
You visited 3 branches of the dungeon, and saw 16 of its levels.
You also visited: Ice Cave.

You collected 751 gold pieces.

Inventory:

Hand Weapons
 f - a +0 hunting sling of freezing
 O - the +8 whip "Snakebite" {curare, rPois}
   (You found it on level 3 of the Lair of Beasts)

   It poisons the flesh of those it strikes.
   It protects you from poison.
Missiles
 o - 328 stones (quivered)
 y - 70 arrows
Armour
 g - a +0 pair of gloves (melded)
 l - a scarf of resistance (melded)
 m - a +0 pair of boots (melded)
 D - a +0 cloak
 J - a +0 shield
Magical Staves
 a - an uncursed staff of wizardry (melded)
Jewellery
 F - a cursed ring of positive energy (left front paw)
 L - an amulet of rage (around neck)
 R - a ring of stealth (right front paw)
Wands
 w - a wand of iceblast (15)
 B - a wand of disintegration (29)
 I - a wand of digging (10)
 P - a wand of polymorph (18)
Scrolls
 d - 7 scrolls of remove curse
 h - 2 scrolls of amnesia
 j - 2 scrolls of fog
 p - 2 scrolls of fear
 r - 7 scrolls of identify
 u - 5 scrolls of teleportation
 x - 2 scrolls of magic mapping
 z - a scroll of silence {unknown}
 A - a scroll of brand weapon
 E - a scroll of blinking
 M - a scroll of enchant armour {unknown}
 N - a scroll of immolation {unknown}
 Q - a scroll of random uselessness {unknown}
Potions
 b - a potion of resistance
 c - 5 potions of might
 e - 4 potions of lignification
 i - a potion of heal wounds
 k - 5 potions of curing
 n - 4 potions of brilliance
 s - a potion of cancellation
 t - 2 potions of agility
 v - a potion of haste
 G - a potion of invisibility
 H - a potion of flight
Books
 C - a book of Maledictions

   Spells                             Type                      Level
   a - Corona                         Hexes                        1
   b - Ensorcelled Hibernation        Hexes/Ice                    2
   c - Confuse                        Hexes                        3
   d - Tukima's Dance                 Hexes                        3
   e - Dazzling Spray                 Conjuration/Hexes            3
 K - a book of Transfigurations

   Spells                             Type                      Level
   a - Irradiate                      Conjuration/Transmutation    5
   b - Statue Form                    Transmutation/Earth          6
   c - Hydra Form                     Transmutation                6
   d - Dragon Form                    Transmutation                7
Comestibles
 q - 14 rations


   Skills:
 - Level 11.2 Fighting
 + Level 6.7 Dodging
 + Level 12.7 Unarmed Combat
 - Level 4.0 Spellcasting
 * Level 12.0 Transmutations
 - Level 2.0 Poison Magic
 + Level 6.9 Invocations


You couldn't memorise any spells.
You knew the following spells:

 Your Spells              Type           Power        Failure   Level  Hunger
a - Hydra Form            Tmut           #####.....   16%         6    #######
b - Sticks to Snakes      Tmut           #####...     1%          2    ##.....
c - Spider Form           Tmut/Pois      ####......   2%          3    ###....
d - Ice Form              Ice/Tmut       ####....     12%         4    ####...
e - Blade Hands           Tmut           #####.....   2%          5    ######.


Dungeon Overview and Level Annotations

Branches:
Dungeon (10/15)            Temple (1/1) D:6            Lair (5/6) D:9
  Swamp (0/4) Lair:4        Snake (0/4) Lair:2
  Slime: Lair:5-6       Orc: D:9-12

Altars:
Dithmenos
Fedhas
Kikubaaqudgha
Nemelex Xobeh
Ru
Sif Muna
Trog
Uskayaw
Vehumet
Wu Jian
Yredelemnul

Shops:
D:4 }

Annotations:
D:1 exclusion: downstairs
D:2 Sigmund
D:3 exclusion: downstairs
D:4 Tiareth's ghost, amateur OgWz
Lair:3 exclusion: downstairs


Innate Abilities, Weirdness & Mutations

((You can breathe blasts of fire.))
((Your fiery red scales are hard. (AC +8)))
You cannot fit into any form of body armour.
((Your flesh is heat resistant. (rF+)))
((You are cold-blooded and may be slowed by cold attacks.))


Message History

* * * LOW HITPOINT WARNING * * *
The freezing wraith closely misses you.
Casting: Sticks to Snakes
Confirm with . or Enter, or press ? or * to list all spells.
You create 3 snakes!
You now have 70 arrows.
Your ball python bites the freezing wraith but does no damage.
The freezing wraith closely misses you. The freezing wraith hits you!
* * * LOW HITPOINT WARNING * * *
The freezing wraith drains your vigour!
You feel as though you will be slow longer.
The freezing wraith hits you!
* * * LOW HITPOINT WARNING * * *
The freezing wraith freezes you. You resist.
* * * LOW HITPOINT WARNING * * *
The freezing wraith hits you.
* * * LOW HITPOINT WARNING * * *
Your ball python closely misses the freezing wraith.
The freezing wraith barely misses you. The freezing wraith hits you!
You die...
Fedhas appreciates your contribution to the ecosystem.

######
##....###
#......S###
##..###...##
##..###SYW##
##..###SW.##
#...###.S.###
##### ##..#
##....##
#...### ###...#
##....#
......###....##
###..#
............##
#...#
.........####
#...##
........##
...###


You could see 2 freezing wraiths, 3 friendly adders and a friendly ball python.

Vanquished Creatures
  4 hydras
  A catoblepas (Lair:3)
  The ghost of cultivahabas the Spear-Bearer, a novice MfMo of Nemelex Xobeh (D:9)
  The ghost of raikaria the Skirmisher, a novice TeVM of Ashenzari (D:7)
  2 elephants (Lair:4)
  3 black mambas (Lair:3)
  Joseph (Lair:1)
  5 spiny frogs
  2 rime drakes
  2 freezing wraiths (IceCv)
  3 tyrant leeches (Lair:4)
  3 blink frogs (Lair:3)
  4 hippogriffs
  A spriggan (D:7)
  18 yaks
  A basilisk (Lair:2)
  2 fire bats (Lair:2)
  A naga (Lair:2)
  3 porcupines
  13 water moccasins
  A hornet zombie (D:9)
  7 ice beasts
  A sky beast (D:9)
  An orc warrior (D:8)
  An alligator simulacrum (IceCv)
  A phantom (D:9)
  5 ogres
  6 centaurs
  4 crocodiles
  A big kobold (D:10)
  13 bullfrogs
  A scorpion (D:5)
  2 elephant simulacra (IceCv)
  2 electric eels
  2 howler monkeys
  A crimson imp (D:6)
  3 bullfrog zombies
  2 centaur zombies
  2 orc priests
  2 quasits
  A bullfrog skeleton (D:5)
  A centaur skeleton (D:9)
  2 hounds
  13 orc wizards
  An iguana (D:8)
  2 worker ants
  A gnoll shaman (D:5)
  4 hell rats (Lair:1)
  A hound skeleton (D:4)
  7 gnolls
  7 adders
  13 river rats (Lair:1)
  12 white imps
  3 oozes
  An adder skeleton (D:6)
  2 worms
  3 dart slugs
  5 leopard geckos
  44 orcs
  6 bat skeletons (D:7)
  A bat zombie (D:7)
  5 giant cockroaches
  8 hobgoblins
  12 jackals
  9 kobolds
  9 quokkas
  4 ball pythons
  5 bats
  4 frilled lizards
  2 goblins
  2 leopard gecko zombies
  21 rats
340 creatures vanquished.

Vanquished Creatures (collateral kills)
  2 hydras
  4 death yaks (Lair:4)
  The ghost of erker the Transmogrifier, a novice OpTm of Cheibriados (D:8)
  4 elephants (Lair:4)
  A black mamba (Lair:3)
  3 spiny frogs (Lair:3)
  A komodo dragon (Lair:4)
  A troll (D:10)
  A wolf spider simulacrum (IceCv)
  2 blink frogs (Lair:3)
  A hippogriff (Lair:2)
  5 yaks
  A basilisk (Lair:3)
  2 steam dragons
  4 water moccasins
  2 orc warriors (D:7)
  A black bear (D:9)
  An ice beast (D:6)
  A phantom (D:6)
  3 wolves (Lair:3)
  A bullfrog (D:3)
  A scorpion (D:7)
  2 vampire bats (D:7)
  A crimson imp (D:6)
  A quasit (D:7)
  An orc priest (D:10)
  A jelly (D:7)
  3 orc wizards
  Terence (D:2)
  2 hell rats (Lair:1)
  2 river rats (Lair:1)
  2 shadow imps
  5 white imps
  2 leopard geckos
  5 orcs
  2 jackals
  A quokka skeleton (D:6)
  A spectral orc (D:3)
75 creatures vanquished.

Vanquished Creatures (others)
  A necrophage (D:9)
  19 wandering mushrooms
  4 fungi
  A plant (Lair:3)
  279 toadstools
304 creatures vanquished.

Grand Total: 719 creatures vanquished

Notes
Turn   | Place    | Note
-------+----------+-------------------------------------------
     0 | D:1      | microfolk the Draconian Transmuter began the quest for the Orb.
     0 | D:1      | Reached XP level 1. HP: 16/16 MP: 3/3
   185 | D:1      | Reached XP level 2. HP: 21/23 MP: 3/5
   189 | D:1      | Learned a level 2 spell: Sticks to Snakes
   910 | D:1      | Reached XP level 3. HP: 17/29 MP: 6/6
   915 | D:1      | Learned a level 3 spell: Spider Form
  1279 | D:2      | Noticed Terence
  1298 | D:2      | Killed Terence
  1373 | D:2      | Found an ornate altar of the Wu Jian Council.
  1684 | D:2      | Reached XP level 4. HP: 35/36 MP: 5/7
  1857 | D:2      | Reached skill level 1 in Poison Magic
  2125 | D:2      | Found a radiant altar of Vehumet.
  2126 | D:2      | Found a hide-covered altar of Uskayaw.
  2140 | D:2      | Noticed Sigmund
  2957 | D:3      | Noticed a bullfrog
  2963 | D:3      | Killed a bullfrog
  2963 | D:3      | Reached XP level 5. HP: 42/42 MP: 2/8
  2974 | D:3      | Found a basalt altar of Yredelemnul.
  3158 | D:3      | Found a blossoming altar of Fedhas.
  3266 | D:3      | Became a worshipper of Fedhas Madash
  3682 | D:4      | Found a bloodstained altar of Trog.
  3699 | D:4      | Found Ziothal's Gadget Boutique.
  4165 | D:4      | Noticed Tiareth's ghost (amateur OgWz)
  4611 | D:5      | Entered Level 5 of the Dungeon
  4781 | D:5      | Found a sacrificial altar of Ru.
  5079 | D:5      | Reached XP level 6. HP: 36/51 MP: 9/9
  5509 | D:5      | Reached * piety under Fedhas
  5701 | D:5      | Reached skill level 5 in Transmutations
  5781 | D:5      | Your scales start taking on a fiery red colour.
  5781 | D:5      | Reached XP level 7. HP: 42/58 MP: 2/10
  5781 | D:5      | Gained mutation: Your flesh is heat resistant. (rF+) [Red Draconian growth]
  5997 | D:6      | Reached skill level 5 in Unarmed Combat
  6632 | D:6      | Reached XP level 8. HP: 58/67 MP: 8/12
  6689 | D:6      | Reached skill level 5 in Fighting
  6791 | D:6      | Found a staircase to the Ecumenical Temple.
  6799 | Temple   | Entered the Ecumenical Temple
  7711 | D:7      | Reached XP level 9. HP: 59/78 MP: 7/13
  8155 | D:7      | Noticed raikaria's ghost (novice TeVM)
  8177 | D:7      | Killed raikaria's ghost
  8268 | D:7      | Found an ancient bone altar of Kikubaaqudgha.
  8557 | D:7      | You fall through a shaft for 2 floors!
  8777 | D:8      | Learned a level 4 spell: Ice Form
  8779 | D:8      | Noticed erker's ghost (novice OpTm)
  8840 | D:8      | Found a deep blue altar of Sif Muna.
  9239 | D:8      | Killed erker's ghost
  9249 | D:8      | Reached skill level 10 in Unarmed Combat
  9249 | D:8      | Reached XP level 10. HP: 96/96 MP: 12/14
  9499 | D:8      | Learned a level 5 spell: Blade Hands
  9714 | D:9      | Reached ** piety under Fedhas
  9736 | D:9      | Found a staircase to the Lair.
  9860 | D:9      | Noticed cultivahabas's ghost (novice MfMo)
  9896 | D:9      | Killed cultivahabas's ghost
 10314 | D:9      | Found a sparkling altar of Nemelex Xobeh.
 10498 | D:10     | Entered Level 10 of the Dungeon
 10615 | D:10     | Reached XP level 11. HP: 98/102 MP: 11/17
 11645 | Lair:1   | Entered Level 1 of the Lair of Beasts
 11737 | Lair:1   | Noticed a seven-headed hydra
 11743 | Lair:1   | Noticed Joseph
 11748 | Lair:1   | Killed a seven-headed hydra
 11748 | Lair:1   | Reached skill level 1 in Invocations
 11764 | Lair:1   | Killed Joseph
 12483 | Lair:1   | Reached *** piety under Fedhas
 13132 | Lair:2   | Found a staircase to the Snake Pit.
 13713 | Lair:2   | Noticed a six-headed hydra
 13722 | Lair:2   | Killed a six-headed hydra
 13724 | Lair:2   | Noticed an eight-headed hydra
 13734 | Lair:2   | Killed an eight-headed hydra
 14511 | Lair:3   | Reached skill level 10 in Transmutations
 15096 | Lair:3   | Reached XP level 12. HP: 72/110 MP: 4/18
 15325 | Lair:3   | Reached skill level 5 in Dodging
 15389 | Lair:3   | Noticed a catoblepas
 15421 | Lair:3   | Killed a catoblepas
 15730 | Lair:3   | Noticed a five-headed hydra
 15740 | Lair:3   | Killed a five-headed hydra
 15740 | Lair:3   | Reached skill level 5 in Invocations
 15837 | Lair:3   | Noticed a four-headed hydra
 15850 | Lair:3   | Killed a four-headed hydra
 17061 | Lair:3   | Found the +8 whip "Snakebite" {curare, rPois}
 17272 | Lair:4   | Noticed a death yak
 17383 | Lair:4   | Killed a death yak
 17475 | Lair:4   | Noticed a death yak
 17476 | Lair:4   | Noticed a death yak
 17476 | Lair:4   | Noticed a death yak
 17491 | Lair:4   | Killed a death yak
 17506 | Lair:4   | Killed a death yak
 17513 | Lair:4   | Killed a death yak
 18459 | Lair:4   | Noticed a seven-headed hydra
 18469 | Lair:4   | Killed a seven-headed hydra
 18672 | Lair:4   | Reached XP level 13. HP: 94/116 MP: 13/19
 18822 | Lair:4   | Found a staircase to the Swamp.
 19745 | Lair:4   | Learned a level 6 spell: Hydra Form
 19761 | Lair:5   | Found a frozen archway.
 19794 | IceCv    | Entered an ice cave
 20412 | IceCv    | HP: 4/139 [freezing wraith (5)]
 20412 | IceCv    | Mangled by a freezing wraith

Skill      XL: |  1  2  3  4  5  6  7  8  9 10 11 12 13 |
---------------+----------------------------------------+-----
Fighting       | 2 3 4 6 11 | 11.2
Transmutations | 3 4 5 7 8 10 11 12 | 12.0
Poison Magic   | 1 2 |  2.0
Unarmed Combat | 4 5 7 10 11 12 | 12.7
Spellcasting   | 3 4 |  4.0
Dodging        | 2 4 6 |  6.7
Invocations    | 4 6 |  6.9

Action                   |  1- 3 |  4- 6 |  7- 9 | 10-12 | 13-15 || total
-------------------------+-------+-------+-------+-------+-------++-------
Melee: Unarmed           |   109 |   211 |   212 |   488 |    91 ||  1111
       Kick              |    13 |     8 |       |       |       ||    21
       Headbutt          |     6 |    11 |     8 |     1 |       ||    26
       Tailslap          |     6 |    12 |     6 |    14 |       ||    38
       Punch             |     1 |     2 |     3 |     3 |       ||     9
       Staff             |       |       |    17 |    65 |       ||    82
Throw: Stone             |       |     6 |     6 |     6 |     2 ||    20
 Cast: Beastly Appendage |    19 |    26 |     7 |     4 |       ||    56
       Sticks to Snakes  |     2 |    17 |    12 |    36 |    21 ||    88
       Spider Form       |       |     9 |    25 |    16 |     3 ||    53
       Ice Form          |       |       |     2 |    51 |     9 ||    62
Invok: Fungal Bloom      |       |    16 |    23 |    69 |     3 ||   111
       Evolution         |       |       |     4 |    19 |       ||    23
       Sunlight          |       |       |       |     7 |       ||     7
 Abil: End Transformatio |       |       |     2 |     1 |       ||     3
       Breathe Fire      |       |       |     1 |       |     1 ||     2
Evoke: Wand              |       |       |       |     5 |       ||     5
  Use: Scroll            |     3 |     6 |     7 |     8 |     2 ||    26
       Potion            |       |       |     1 |     1 |     2 ||     4
 Stab: Distracted        |     1 |     1 |     1 |     2 |     3 ||     8
       Sleeping          |       |     2 |     1 |       |       ||     3
       Confused          |       |       |     2 |    13 |       ||    15
  Eat: Chunk             |     3 |     7 |     9 |     7 |     4 ||    30
       Ration            |       |     3 |     2 |    10 |     3 ||    18
Armor: Skin              |    31 |    43 |    59 |    78 |    25 ||   236
Dodge: Dodged            |    76 |   125 |   221 |   287 |    80 ||   789
